Map: 세룰리안 폴 - 래더

Players

LiquidSnute (Snute)

  • Race: Zerg Zerg
  • Spawn Location: 7:00

llllllllllll (GuMiho) - Winner!

  • Race: Terran Terran
  • Spawn Location: 1:00

Event: IEM Season 13 - Katowice Server Qualifiers Europe

VOD

Have the link to the VOD?

Description

Time

  • Played on: Jan. 8, 2019, 11:15 a.m.
  • Length: 12:29

All games in this series

Show
View Real Time Build Order
Export as new Build Order

LiquidSnute Zerg 

Build Orders: Pool First 

Get SALT Encoding   

  12  0:00  Drone  
  13  0:12  Overlord  
  13  0:17  Drone  
  14  0:30  Drone x2  
  14  0:34  Drone  
  17  0:44  Spawning Pool  
  17  0:48  Drone  
  17  1:08  Hatchery  
  17  1:11  Drone  
  17  1:14  Drone  
  17  1:17  Extractor  
  17  1:19  Drone  
  18  1:31  Queen  
  20  1:33  Zergling x2  
  20  1:39  Overlord  
  21  1:49  Drone  
  22  2:00  Drone  
  23  2:07  Queen  
  25  2:11  Drone  
  26  2:20  Queen  
  26  2:21  Drone, Metabolic Boost  
  29  2:23  Drone  
  30  2:39  Hatchery  
  30  2:41  Drone  
  30  2:43  Drone  
  31  2:46  Drone  
  31  2:48  Drone  
  33  2:52  Drone  
  33  2:53  Drone  
  33  2:55  Drone  
  36  3:01  Extractor  
  36  3:04  Drone x2  
  36  3:09  Roach Warren  
  35  3:13  Overlord  
  35  3:18  Drone  
  36  3:21  Overlord  
  36  3:23  Overlord  
  36  3:30  Overlord  
  36  3:49  Roach x2  
  36  3:50  Roach x4  
  36  3:52  Roach  
  36  3:55  Roach  
  52  3:58  Roach  
  52  4:02  Roach  
  56  4:03  Zergling x2  
  57  4:11  Roach x2  
  57  4:13  Zergling x2  
  57  4:14  Zergling x2  
  63  4:17  Zergling x2  
  63  4:20  Zergling x2  
  63  4:21  Zergling x2  
  66  4:27  Zergling x2  
  66  4:28  Zergling x4  
  66  4:30  Zergling x2  
  70  4:34  Overlord  
  70  4:39  Overlord  
  65  4:53  Zergling x16  
  65  4:57  Ravager  
  62  5:00  Zergling x6  
  62  5:01  Zergling x2  
  64  5:10  Ravager  
  63  5:15  Zergling x14  
  64  5:21  Roach  
  64  5:25  Queen  
  62  5:33  Drone x3  
  61  5:39  Drone  
  61  5:40  Drone x2  
  59  5:47  Drone x3  
  56  5:54  Queen x2  
  56  5:56  Drone  
  56  5:57  Drone x2  
  61  5:58  Drone  
  60  6:04  Drone x2  
  60  6:05  Drone x2  
  60  6:06  Drone  
  60  6:09  Drone x2  
  60  6:10  Drone  
  65  6:14  Drone  
  65  6:15  Drone  
  67  6:18  Spore Crawler  
  67  6:19  Spore Crawler  
  67  6:20  Spore Crawler  
  67  6:23  Spore Crawler  
  67  6:25  Drone  
  64  6:26  Drone  
  64  6:30  Lair  
  66  6:32  Drone  
  66  6:33  Drone x2  
  66  6:38  Drone x3  
  66  6:39  Drone  
  72  6:40  Drone  
  72  6:45  Drone x4  
  75  6:47  Drone x2  
  75  6:49  Drone  
  78  7:03  Drone x3  
  78  7:04  Extractor  
  78  7:05  Extractor x2  
  78  7:07  Evolution Chamber  
  77  7:08  Drone x2  
  77  7:09  Drone x2  
  77  7:11  Overlord x2  
  81  7:16  Overlord  
  81  7:17  Overlord x2  
  81  7:21  Hatchery  
  80  7:23  Overlord x2  
  80  7:28  Extractor, Zergling x6  
  82  7:31  Zergling x2  
  82  7:32  Zergling x2  
  82  7:35  Zergling x8  
  82  7:36  Zerg Missile Weapons Level 1  
  77  7:40  Drone x4  
  79  7:50  Drone  
  79  7:51  Drone x5  
  85  8:04  Roach  
  85  8:05  Roach x5, Glial Reconstitution  
  97  8:09  Hydralisk Den  
  97  8:10  Infestation Pit  
  97  8:12  Drone  
  96  8:22  Roach x6  
  96  8:23  Roach  
  110  8:28  Overlord x2  
  109  8:38  Zergling x2  
  109  8:39  Zergling x16  
  101  8:43  Drone  
  101  8:45  Drone x2  
  100  8:49  Drone  
  100  8:50  Drone x2  
  102  8:59  Hive  
  102  9:02  Overseer  
  102  9:03  Pneumatized Carapace  
  102  9:14  Queen  
  102  9:15  Queen, Spore Crawler  
  105  9:18  Drone x2  
  105  9:19  Drone  
  103  9:32  Zerg Missile Weapons Level 2  
  103  9:36  Grooved Spines  
  101  9:39  Drone  
  101  9:40  Drone x9  
  101  9:41  Drone  
  101  9:42  Drone  
  110  9:58  Roach  
  110  9:59  Roach x8  
  120  10:04  Hydralisk x3  
  110  10:12  Hydralisk x4  
  118  10:17  Hydralisk x2  
  122  10:26  Roach x5  
  126  10:30  Overseer  
  117  10:36  Roach x6  
  117  10:38  Queen  
  117  10:43  Roach  
  117  10:44  Roach x2  
  117  10:49  Muscular Augments  
  115  10:56  Overseer x2  
  115  10:58  Queen x3  
  115  10:59  Drone  
  115  11:00  Hydralisk, Drone  
  115  11:03  Hydralisk  
  127  11:06  Ravager  
  127  11:09  Overseer  
  128  11:16  Drone x5  
  133  11:19  Extractor x2  
  133  11:21  Drone x2  
  133  11:25  Roach x5  
  143  11:35  Spore Crawler  
  142  11:40  Spore Crawler  
  139  11:48  Hydralisk x3  
  144  11:54  Drone  
  144  11:56  Spore Crawler  
  144  12:00  Overseer  
  144  12:01  Overlord x5  
Show
View Real Time Build Order
Export as new Build Order

llllllllllll Terran - Winner!

Build Orders: Command Center First (CC), Hellion Banshee 

Get SALT Encoding   

  12  0:01  SCV  
  13  0:13  SCV  
  14  0:17  Supply Depot  
  14  0:25  SCV  
  15  0:39  SCV  
  16  0:51  SCV  
  17  0:59  Command Center  
  17  1:03  SCV  
  18  1:13  Barracks  
  18  1:17  SCV  
  19  1:22  Refinery  
  19  1:29  SCV  
  19  1:30  Refinery  
  20  1:41  SCV  
  21  1:53  SCV  
  22  2:00  Reaper  
  23  2:05  Orbital Command  
  23  2:11  Orbital Command  
  23  2:19  Factory  
  23  2:32  SCV  
  23  2:34  Barracks Reactor  
  24  2:37  SCV  
  24  2:44  SCV  
  26  2:51  Command Center  
  26  2:55  SCV  
  26  2:56  SCV  
  28  3:06  Starport  
  28  3:08  SCV  
  28  3:12  Supply Depot  
  29  3:13  SCV  
  29  3:18  Hellion  
  29  3:19  Hellion  
  34  3:21  SCV  
  34  3:25  SCV  
  36  3:29  Barracks Tech Lab  
  36  3:33  SCV  
  37  3:37  SCV  
  37  3:40  Hellion  
  37  3:41  Hellion  
  42  3:46  SCV  
  43  3:49  SCV  
  43  3:50  Viking  
  46  4:04  Hellion x2  
  46  4:05  Orbital Command  
  46  4:07  SCV x2  
  46  4:08  Supply Depot  
  46  4:09  Cloaking Field  
  52  4:17  Supply Depot  
  52  4:19  SCV x2  
  52  4:23  Refinery  
  57  4:24  Refinery  
  57  4:28  Hellion  
  61  4:31  SCV, Hellion  
  61  4:34  Armory  
  59  4:38  Banshee  
  59  4:40  SCV x2  
  59  4:43  SCV  
  64  4:50  Hellion  
  62  4:53  SCV, Hellion  
  55  5:01  SCV x2  
  55  5:05  SCV  
  51  5:11  Hellion  
  51  5:13  SCV x2  
  52  5:14  Hellion  
  52  5:17  SCV  
  44  5:25  SCV x2  
  42  5:29  SCV  
  42  5:32  Hellion  
  45  5:37  SCV x2  
  45  5:42  Hellion  
  39  5:43  SCV  
  39  5:49  SCV x2  
  40  5:56  SCV  
  38  6:00  Liberator  
  38  6:01  SCV x2  
  37  6:07  Hellion  
  37  6:08  SCV  
  42  6:22  SCV x2  
  42  6:24  SCV  
  45  6:27  Hellion  
  45  6:29  Hellion  
  45  6:32  Hyperflight Rotors  
  49  6:35  Terran Vehicle And Ship Armor Level 1  
  49  6:36  SCV  
  49  6:37  Hellion x2  
  49  6:41  SCV x2  
  50  6:48  SCV  
  50  6:49  Hellion  
  50  6:53  SCV x2  
  55  6:58  Orbital Command  
  55  6:59  Banshee  
  55  7:00  SCV  
  59  7:05  SCV  
  59  7:06  Barracks Tech Lab  
  60  7:10  Factory  
  60  7:11  Factory  
  60  7:14  Supply Depot x2  
  60  7:16  SCV  
  60  7:17  SCV  
  60  7:18  Hellion x2  
  66  7:25  SCV  
  66  7:28  SCV  
  66  7:29  SCV  
  67  7:37  SCV  
  67  7:40  SCV  
  67  7:41  SCV  
  65  7:44  Banshee, Hellion x2  
  65  7:49  SCV  
  69  7:51  Supply Depot  
  69  7:53  SCV x2, Supply Depot  
  69  7:57  Factory Tech Lab  
  71  8:00  Factory  
  71  8:01  SCV  
  71  8:02  Cyclone, Mag-Field Accelerator  
  71  8:03  Factory  
  71  8:05  SCV x2  
  77  8:09  Refinery  
  77  8:10  Refinery  
  77  8:13  SCV  
  77  8:14  Supply Depot  
  77  8:17  Engineering Bay  
  77  8:18  SCV x2  
  80  8:21  Cyclone  
  80  8:24  Supply Depot  
  80  8:25  SCV, Hellion x2  
  88  8:30  SCV  
  88  8:31  SCV  
  90  8:37  SCV  
  88  8:43  SCV x2  
  88  8:47  Cyclone  
  82  8:48  Factory Reactor  
  82  8:49  SCV  
  82  8:50  Factory Tech Lab  
  82  8:55  SCV x2  
  81  8:58  Cyclone  
  81  8:59  Hellion x2  
  81  9:01  SCV  
  89  9:05  Supply Depot  
  89  9:06  Supply Depot  
  89  9:07  Supply Depot  
  89  9:08  Terran Vehicle Weapons Level 1  
  89  9:11  Cyclone  
  89  9:15  SCV x3  
  95  9:19  Banshee  
  95  9:24  Cyclone  
  101  9:28  Hellion x2  
  105  9:35  Cyclone  
  105  9:36  Hellion x2  
  112  9:40  SCV x3  
  115  9:46  Supply Depot  
  115  9:47  Cyclone  
  115  9:56  Cyclone  
  115  9:58  Hellion  
  114  10:04  Hellion  
  114  10:07  Banshee, Hellion x2  
  114  10:09  Cyclone  
  120  10:19  Cyclone  
  120  10:20  Hellion  
  125  10:25  Hellion  
  125  10:28  Hellion x2, Cyclone  
  126  10:41  Hellion, Cyclone  
  126  10:46  Hellion  
  130  10:50  Hellion  
  130  10:51  Cyclone  
  133  10:58  Supply Depot  
  133  10:59  Supply Depot  
  133  11:00  Cyclone  
  133  11:02  Command Center  
  136  11:10  Hellion x3  
  142  11:13  Hellion, Cyclone  
  142  11:17  SCV x2  
  149  11:19  SCV  
  149  11:23  Supply Depot  
  150  11:26  Supply Depot  
  150  11:30  Cyclone  
  153  11:36  Cyclone  
  156  11:48  Cyclone  
  156  11:49  Hellion x2  
  156  11:51  Hellion  
  156  11:53  Hellion  

Tags
 
Add a new tag
Caveats
  • Supply blocks, unpowered buildings, or Contaminate may cause inaccurate times.
  • Supply counts are checked every 10 seconds.